 Dungeon Crawl Stone Soup version 0.19.1 (webtiles) character file.

179 Ladykiller69 the Shield-Bearer (level 5, 0/42 HPs)
             Began as a Formicid Fighter on Dec 16, 2016.
             Succumbed to an adder's poison
             ... on level 3 of the Dungeon.
             The game lasted 00:04:49 (2092 turns).

Ladykiller69 the Shield-Bearer (Formicid Fighter)   Turns: 2092, Time: 00:04:53

Health: 0/42       AC: 10    Str: 21    XL:     5   Next: 90%
Magic:  5/5        EV:  6    Int:  8    God:
Gold:   57         SH:  9    Dex: 10    Spells: 0 memorised, 4 levels left

rFire  . . .     SeeInvis +     a - +0 war axe
rCold  . . .     Gourm    .     e - +0 chain mail
rNeg   . . .     Faith    .     c - +0 shield
rPois  .         Spirit   .     (helmet unavailable)
rElec  .         Reflect  .     (no cloak)
rCorr  .         Harm     .     (no gloves)
MR     .....                    m - +0 pair of boots
Stlth  ..........               (no amulet)
                                (no ring)
                                (no ring)

@: lethally poisoned (0 -> -7)
A: permanent stasis, dig shafts and tunnels, four strong arms, antennae 3
a: Dig, Shaft Self


You were on level 3 of the Dungeon.
You were not hungry.

You visited 1 branch of the dungeon, and saw 3 of its levels.

You collected 57 gold pieces.

Inventory:

Hand Weapons
 a - a +0 war axe (weapon)
Armour
 b - a +0 scale mail
 c - a +0 shield (worn)
 e - a +0 chain mail (worn)
 m - a +0 pair of boots (worn)
Scrolls
 h - 2 scrolls of identify {unknown}
 i - 2 scrolls of enchant weapon {unknown}
 j - a scroll of immolation {unknown}
 k - a scroll of teleportation {unknown}
 l - 2 scrolls of recharging {unknown}
 p - a scroll of fog {unknown}
 q - a scroll of remove curse {unknown}
Potions
 d - a potion of might
Comestibles
 f - 2 bread rations
 o - 4 chunks of flesh
 r - a slice of pizza


   Skills:
 + Level 4.2 Fighting
 * Level 3.5 Axes
 + Level 4.1 Armour
 + Level 4.8 Shields


You had 4 spell levels left.
You didn't know any spells.

Dungeon Overview and Level Annotations

Branches:
Dungeon (3/15)

Altars:
Ashenzari
Dithmenos
Fedhas
Hepliaklqana
Makhleb
Okawaru
Qazlal
Uskayaw
Vehumet
Yredelemnul
Zin
The Shining One


Innate Abilities, Weirdness & Mutations

You are under a permanent stasis effect.
You can dig through walls and to a lower floor.
Your four strong arms can wield two-handed weapons with a shield.
You have a pair of large antennae on your head. (SInv)


Message History

It was a potion of haste.
Your stasis keeps you stable.
* * * LOW HITPOINT WARNING * * *
You feel sick. The adder bites you but does no damage.
It was a potion of lignification.
You turn into a tree.
Your +0 pair of boots melds into your body.
Your +0 chain mail melds into your body.
Your roots penetrate the ground.
* * * LOW HITPOINT WARNING * * *
You feel sick. The adder bites you but does no damage.
It was a potion of cure mutation.
It has a very clean taste.
* * * LOW HITPOINT WARNING * * *
You feel sick. The adder bites you but does no damage.
You block the adder's attack.
It was a potion of cancellation.
Your magical effects are unravelling.
You feel magically purged.
You feel less woody.
Your +0 pair of boots unmelds from your body.
Your +0 chain mail unmelds from your body.
You die...

#....# #....# #....#
#....######## ###
#....##...... ....
#####....##...... .....
#........##......
......###......####......
......SS@................
......###......####......
..... ######## #######
.... ...... ... ###### ##


You could see an adder and a ball python.

Vanquished Creatures
  Jessica (D:3)
  Terence (D:2)
  A gnoll (D:3)
  4 adders
  An ooze (D:1)
  3 worms (D:2)
  A dart slug (D:3)
  3 leopard geckos
  3 orcs (D:3)
  2 ball pythons (D:2)
  3 giant cockroaches
  5 goblins
  6 hobgoblins
  A jackal (D:3)
  7 kobolds
  2 quokkas
  6 bats
  4 frilled lizards
  8 rats
62 creatures vanquished.

Notes
Turn   | Place    | Note
-------+----------+-------------------------------------------
     0 | D:1      | Ladykiller69 the Formicid Fighter began the quest for the Orb.
     0 | D:1      | Reached XP level 1. HP: 18/18 MP: 1/1
   159 | D:1      | Reached XP level 2. HP: 20/24 MP: 2/2
   427 | D:1      | Reached XP level 3. HP: 29/29 MP: 3/3
  1076 | D:2      | Reached XP level 4. HP: 29/37 MP: 4/4
  1268 | D:2      | Noticed Terence
  1275 | D:2      | Killed Terence
  1275 | D:2      | Reached XP level 5. HP: 38/42 MP: 5/5
  1369 | D:2      | Found a stormy altar of Qazlal.
  1375 | D:2      | Found an iron altar of Okawaru.
  1377 | D:2      | Found a shadowy altar of Dithmenos.
  1378 | D:2      | Found a blossoming altar of Fedhas.
  1378 | D:2      | Found a glowing silver altar of Zin.
  1378 | D:2      | Found a glowing golden altar of the Shining One.
  1378 | D:2      | Found a basalt altar of Yredelemnul.
  1379 | D:2      | Found a burning altar of Makhleb.
  1380 | D:2      | Found a hazy altar of Hepliaklqana.
  1381 | D:2      | Found a radiant altar of Vehumet.
  1382 | D:2      | Found a shattered altar of Ashenzari.
  1383 | D:2      | Found a hide-covered altar of Uskayaw.
  2062 | D:3      | Noticed Jessica
  2075 | D:3      | Killed Jessica
  2090 | D:3      | HP: 3/63 [poisoned by an adder]
  2092 | D:3      | Succumbed to an adder's poison

Skill      XL: |  1  2  3  4  5 |
---------------+----------------+-----
Shields        | 4 |  4.8
Axes           | 3 |  3.5
Fighting       | 4 |  4.2
Armour         | 4 |  4.1

Action                   |  1- 3 |  4- 6 || total
-------------------------+-------+-------++-------
Melee: War axe           |    87 |   132 ||   219
  Use: Potion            |       |     4 ||     4
  Eat: Chunk             |       |     4 ||     4
Armor: Scale mail        |     7 |       ||     7
       Chain mail        |    33 |    84 ||   117
       Skin              |       |     2 ||     2
Dodge: Dodged            |    22 |    43 ||    65
Block: Shield            |    41 |    67 ||   108
